 Dungeon Crawl Stone Soup version 0.25.0-9-g26727b657a (webtiles) character file.

Game seed: 4683591035831761348

190376 Curus the Slayer (level 17, 0/178 HPs)
             Began as a Minotaur Berserker on June 18, 2020.
             Was the Champion of Trog.
             Killed from afar by a frost giant (26 damage)
             ... with a bolt of cold
             ... on level 4 of the Shoals on June 19, 2020.
             The game lasted 04:24:21 (36406 turns).

Curus the Slayer (Minotaur Berserker)              Turns: 36406, Time: 04:24:22

Health: 0/178      AC: 31    Str: 24    XL:     17   Next: 97%
Magic:  18/21      EV: 10    Int:  7    God:    Trog [******]
Gold:   1294       SH: 14    Dex: 12    Spells: 16/16 levels left

rFire    . . .     SeeInvis .   A - +6 demon trident (vamp)
rCold    + . .     Gourm    .   J - +3 warlock's mirror {reflect}
rNeg     . . .     Faith    .   f - +0 storm dragon scales
rPois    .         Spirit   .   Y - +1 hat
rElec    +         Reflect  +   a - +2 cloak {MR+}
rCorr    .         Harm     .   t - +0 pair of gloves
MR       +++++                  C - +2 pair of boots {Fly}
Stlth    ..........             K - amulet of reflection
HPRegen  1.39/turn              x - ring of protection from cold
MPRegen  0.17/turn              m - ring of protection from magic

@: berserk cooldown, flying, regenerating, slowed, very slow
A: retaliatory headbutt, horns 2, wild magic 1, MP-powered wands
a: Berserk, Trog's Hand, Brothers in Arms, Renounce Religion, Stop Flying


You were on level 4 of the Shoals.
You worshipped Trog.
Trog was exalted by your worship.
You were very hungry.

You visited 5 branches of the dungeon, and saw 30 of its levels.
You also visited: Ossuary, Gauntlet and Ice Cave.

You collected 2995 gold pieces.
You spent 1701 gold pieces at shops.

Inventory:

Hand Weapons
 A - a +6 vampiric demon trident (weapon)
 M - a +4 demon trident of draining
Armour
 a - a +2 cloak of magic resistance (worn)
 f - +0 storm dragon scales (worn)
 t - a +0 pair of gloves (worn)
 C - a +2 pair of boots of flying (worn)
 J - the +3 warlock's mirror (worn) {reflect}
   (You bought it in a shop on level 4 of the Dungeon)
 U - a +1 chain mail of fire resistance
 V - the +4 plate armour "Meffuw" {Str+5}
   (You found it on level 4 of the Lair of Beasts)

   It affects your strength (+5).
 Y - a +1 hat (worn)
Jewellery
 d - an uncursed ring of resist corrosion
 g - a +4 ring of evasion
 h - an uncursed amulet of regeneration
 i - a +4 ring of evasion
 m - a ring of protection from magic (right hand)
 q - an uncursed amulet of magic regeneration
 v - the ring of Ikeoki {AC+4 Dex+2}
   (You found it in a Gauntlet)

   [ring of protection]

   It affects your AC (+4).
   It affects your dexterity (+2).
 w - an uncursed amulet of guardian spirit
 x - a ring of protection from cold (left hand)
 B - a +6 ring of dexterity
 D - a +6 ring of dexterity
 G - an uncursed ring of protection from fire
 K - an amulet of reflection (around neck)
 R - an uncursed ring of poison resistance
 X - an uncursed ring of positive energy
Wands
 j - a wand of clouds (7)
 o - a wand of flame (47)
 u - a wand of enslavement (31)
 F - a wand of disintegration (8)
 I - a wand of acid (12)
 L - a wand of paralysis (22)
 N - a wand of digging (9)
 O - a wand of polymorph (31)
 P - a wand of iceblast (15)
Scrolls
 e - 13 scrolls of remove curse
 k - 15 scrolls of identify
 n - 5 scrolls of fog
 s - 5 scrolls of magic mapping
 E - 6 scrolls of teleportation
 H - 2 scrolls of enchant weapon
 Q - 5 scrolls of fear
 S - a scroll of silence
 W - 2 scrolls of summoning
 Z - 2 scrolls of blinking
Potions
 b - 3 potions of mutation
 l - 17 potions of curing
 p - 5 potions of might
 r - a potion of heal wounds
 y - a potion of ambrosia
 z - a potion of haste
 T - 3 potions of berserk rage
Comestibles
 c - 57 rations


   Skills:
 + Level 22.5 Fighting
 - Level 14.0 Polearms
 + Level 22.4 Armour
 - Level 2.1 Dodging
 - Level 9.3 Shields
 - Level 7.3 Evocations


You had 16 spell levels left.
You didn't know any spells.
Your spell library was empty.

Dungeon Overview and Level Annotations

Branches:
Dungeon (15/15)            Temple (0/1) D:4            Lair (6/6) D:11
 Shoals (4/4) Lair:2        Snake (3/4) Lair:4        Slime (0/5) Lair:5
    Orc (2/2) D:11            Elf (0/3) Orc:2        Vaults (0/5) D:14
 Depths (0/5) D:15        Ossuary (visited)           IceCv (visited)
Gauntlet (visited)

Altars:
Ashenzari
Cheibriados
Dithmenos
Elyvilon
Fedhas
Gozag
Makhleb
Qazlal
Ru
Sif Muna
Trog
Uskayaw
Vehumet
Xom
The Shining One
Beogh
Jiyva

Shops:
D:4 [   Orc:2 *::[   Shoals:3 =   Snake:3 }==

Portals:
Trove: D:12 (give 8 potions of haste)

Annotations:
D:9 2 runed translucent doors
D:15 Jorgrun, Roxanne


Innate Abilities, Weirdness & Mutations

You reflexively headbutt those who attack you in melee.
You have a pair of horns on your head.
Your spells are a little harder to cast, but a little more powerful.
You expend magic power (3 MP) to strengthen your wands.


Message History

The frost giant gestures at you while chanting.
Your +3 warlock's mirror {reflect} reflects the bolt of cold!
The bolt of cold hits the frost giant!
The frost giant resists.
The bolt of cold hits the merfolk siren!!!
You block the merfolk's attack.
Attack whom?
Press: ? - help, Dir - move target cursor, f/p - merfolk
Aim: a merfolk, wielding a +0 trident (heavily wounded)
You could not reach far enough!
Your stone giant barely misses the merfolk.
The merfolk siren chants a haunting song.
You resist with almost no effort.
The merfolk throws a boomerang.
You reflect the boomerang off your +3 warlock's mirror {reflect}!
The boomerang barely misses the merfolk.
The weapon returns to the merfolk!
The merfolk throws a boomerang.
The boomerang completely misses your stone giant.
The boomerang barely misses you.
The weapon returns to the merfolk!
The frost giant gestures at you while chanting.
The bolt of cold hits you!! You resist.
You die...

,≈≈≈≈≈≈≈≈≈≈≈≈≈≈≈≈≈≈≈≈≈≈≈..≈......
,≈≈≈≈≈≈≈≈≈≈≈≈≈≈≈≈≈≈≈≈..........#*
,≈,,,,,≈≈≈≈...≈≈.)(.........<.#*,
,≈,,,,,*****#)...............<...
,,,,,,,*****##mm.......≈###.#....
,,,,,≈**,≈#mmm#Cmm..m.#######..≈≈
,,,,,**...≈)mm##)m..###..##.##..≈
≈,,,,≈*#.#.#C#*#†C..#*...≈...##.≈
≈,,,,***≈.,.≈*##@...#*#.#.#.≈#,.≈
≈,,,,,*#.*.#m≈#.....###≈.}.≈#**.≈
≈,,,,**.,.≈.,,#....†.#≈.#.#.##≈,≈
≈,,,,***.#*#,###....##†..≈...#,,≈
≈,,,,,,******#≈......#.%..#.##*,≈
≈≈,,,,,***≈*,#≈.......#####**,,≈≈
≈≈≈,,,,,,,,≈≈≈≈≈......#**≈,≈*,≈≈≈
≈≈≈≈≈≈≈≈≈≈≈≈≈≈≈≈≈≈.....≈,,,,,,≈≈≈
≈≈≈≈≈≈≈≈≈≈≈≈≈≈≈≈≈≈≈≈≈≈≈≈≈≈≈≈≈≈≈≈≈


You could see a frost giant, 3 merfolk, 2 merfolk sirens and a friendly stone
giant (summoned, berserk).

Vanquished Creatures
  A kraken (Shoals:3)
  Kirke (Lair:5)
  2 nagarajas (Snake:3)
  Ilsuiw (Shoals:2)
  The ghost of Elinuc the Eclecticist, an adept DEWz of Sif Muna (Snake:2)
  Louise (Shoals:2)
  An ironheart preserver (D:14)
  2 stone giants
  An entropy weaver (Gauntlet)
  Nessos (D:15)
  A minotaur (Gauntlet)
  Azrael (D:15)
  The ghost of wayreth the Martial Artist, a journeyman HuMo of Wu Jian (Lair:2)
  11 merfolk impalers
  5 merfolk javelineers
  Josephine (D:15)
  The ghost of Jalix the Spear-Bearer, a journeyman MiGl of Yredelemnul (Lair:2)
  Erolcha (D:13)
  12 naga warriors
  A great orb of eyes (Gauntlet)
  2 catoblepae (Lair:6)
  3 merfolk avatars
  5 centaur warriors
  4 two-headed ogres
  12 hydras
  5 merfolk aquamancers
  3 anacondas
  A death knight (D:15)
  A satyr (Shoals:2)
  The ghost of Cato the Destroyer, a journeyman DECj of Sif Muna (Lair:2)
  A deep troll shaman (Lair:6)
  The ghost of Garrluk the Thaumaturge, a journeyman SpEE of Vehumet (D:11)
  4 death yaks (Lair:6)
  4 naga sharpshooters
  Sonja (Lair:5)
  5 shock serpents
  An orc high priest (Orc:2)
  A fire crab (Lair:6)
  A golden dragon zombie (D:15)
  11 sea snakes
  5 skeletal warriors
  2 naga ritualists (Snake:3)
  An unseen horror (D:13)
  2 wizards
  4 harpies (Shoals:1)
  A tengu zombie (D:15)
  A necromancer (D:15)
  Pikel (D:7)
  6 mana vipers
  A wolf spider (Lair:1)
  5 cyclopes
  An orc knight (Orc:2)
  2 phantasmal warriors
  5 salamanders
  8 ugly things
  6 fauns
  17 manticores
  4 orc sorcerers
  5 oklob plants
  10 elephants
  8 naga magi
  10 merfolk sirens
  3 water nymphs
  A guardian serpent (shapeshifter) (D:13)
  6 guardian serpents
  21 black mambas
  Joseph (D:7)
  10 spiny frogs
  2 ice statues (IceCv)
  A centaur skeleton (D:15)
  A torpor snail (Lair:5)
  4 kobold demonologists
  2 freezing wraiths
  7 komodo dragons
  5 rime drakes
  A yaktaur skeleton (D:15)
  6 trolls
  3 meliai (Lair:4)
  A jumping spider (Gauntlet)
  7 polar bears
  Prince Ribbit (D:5)
  A wind drake (Shoals:2)
  A hornet (Lair:1)
  40 merfolk
  16 dream sheep
  4 slime creatures (D:12)
  3 blink frogs (Lair:4)
  10 snapping turtles
  16 hippogriffs
  A redback (Gauntlet)
  An ice dragon skeleton (D:15)
  10 spriggans
  6 shadows
  10 water elementals
  9 wraiths
  3 flying skulls (Gauntlet)
  42 yaks
  4 wyverns
  5 fire elementals (D:15)
  A vampire (D:13)
  A basilisk (Lair:1)
  6 hogs (Lair:5)
  Eustachio (D:5)
  3 hungry ghosts
  12 vampire mosquitoes
  26 nagas
  5 acid dragons
  A soldier ant (D:12)
  13 water moccasins
  2 hell hounds (D:15)
  4 porcupines
  6 sky beasts
  21 orc warriors
  A slave (D:7)
  2 necrophages (D:7)
  2 eyes of draining
  14 black bears
  10 ice beasts
  4 phantoms
  11 wolves
  4 ogres
  12 centaurs
  12 crocodiles
  4 big kobolds
  22 bullfrogs
  5 water moccasin zombies (Ossuary)
  A wyvern skeleton (D:14)
  2 troll zombies (D:11)
  47 killer bees
  5 scorpions
  4 wights (D:14)
  3 electric eels
  13 crimson imps
  A quasit (D:10)
  9 hounds
  3 jellies
  A bullfrog zombie (D:5)
  28 orc priests
  A gnoll shaman (Orc:2)
  32 orc wizards
  3 bullfrog skeletons
  An iguana (D:13)
  Terence (D:2)
  Natasha (thrice) (D:2)
  11 worker ants
  6 big kobold zombies (Ossuary)
  4 ogre zombies (D:11)
  2 hound zombies
  A hound skeleton (D:5)
  2 mummies (Ossuary)
  A howler monkey skeleton (D:6)
  25 adders
  6 gnolls
  5 shadow imps
  A white imp (D:11)
  3 oozes
  4 adder zombies (Ossuary)
  2 adder skeletons
  2 worms
  2 dart slugs (D:2)
  2 leopard geckos
  61 orcs
  5 giant cockroaches
  5 goblins
  7 hobgoblins
  9 jackals
  18 kobolds
  2 quokkas
  9 bats
  2 frilled lizards
  4 gnoll zombies (Ossuary)
  2 goblin skeletons (D:11)
  5 goblin zombies (D:11)
  4 hobgoblin zombies (Ossuary)
  2 jackal skeletons
  4 kobold zombies (Ossuary)
  A leopard gecko skeleton (D:7)
  4 orc skeletons (D:11)
  11 orc zombies
  A quokka skeleton (D:6)
  A quokka zombie (D:6)
  15 rats
  3 plants
  4 tentacles (Shoals:3)
1105 creatures vanquished.

Vanquished Creatures (collateral kills)
  2 merfolk impalers (Shoals:4)
  A manticore (Shoals:4)
  A merfolk (Shoals:4)
  A water elemental (Shoals:4)
5 creatures vanquished.

Vanquished Creatures (others)
  A shadow (D:14)
  2 slaves (D:7)
  23 fungi
  21 plants
  4 tentacles (Shoals:3)
  4 withered plants (Lair:2)
55 creatures vanquished.

Grand Total: 1165 creatures vanquished

Notes
Turn   | Place    | Note
-------+----------+-------------------------------------------
     0 | D:1      | Curus the Minotaur Berserker began the quest for the Orb.
     0 | D:1      | Reached XP level 1. HP: 19/19 MP: 0/0
   424 | D:1      | Reached XP level 2. HP: 25/26 MP: 1/1
  1136 | D:2      | Noticed Natasha
  1141 | D:2      | Killed Natasha
  1141 | D:2      | Reached skill level 5 in Polearms
  1141 | D:2      | Reached XP level 3. HP: 25/31 MP: 2/2
  1499 | D:2      | Noticed Terence
  1502 | D:2      | Found a radiant altar of Vehumet.
  1520 | D:2      | Killed Terence
  1520 | D:2      | Reached XP level 4. HP: 20/39 MP: 3/3
  1718 | D:2      | Reached ** piety under Trog
  1766 | D:2      | Noticed Natasha
  1770 | D:2      | Killed Natasha
  1949 | D:2      | Found a bloodstained altar of Trog.
  1951 | D:2      | Found a snail-covered altar of Cheibriados.
  1953 | D:2      | Found a hide-covered altar of Uskayaw.
  1958 | D:2      | Found a shimmering blue altar of Sif Muna.
  1959 | D:2      | Found a white marble altar of Elyvilon.
  1959 | D:2      | Found an opulent altar of Gozag.
  1960 | D:2      | Found a shadowy altar of Dithmenos.
  1961 | D:2      | Found a glowing golden altar of the Shining One.
  1971 | D:2      | Noticed Natasha
  1975 | D:2      | Killed Natasha
  1975 | D:2      | Reached XP level 5. HP: 45/45 MP: 4/4
  2332 | D:2      | Found a burning altar of Makhleb.
  3297 | D:4      | Found Rilos's Armour Emporium.
  3458 | D:4      | Found a stormy altar of Qazlal.
  3484 | D:4      | Reached XP level 6. HP: 48/51 MP: 5/5
  3888 | D:4      | Found a staircase to the Ecumenical Temple.
  3988 | D:5      | Entered Level 5 of the Dungeon
  4007 | D:5      | Noticed Prince Ribbit
  4028 | D:5      | Reached XP level 7. HP: 29/57 MP: 6/6
  4036 | D:5      | Found a sand-covered staircase.
  4040 | Ossuary  | Entered an ossuary
  4119 | Ossuary  | Reached *** piety under Trog
  4119 | Ossuary  | Reached skill level 10 in Polearms
  4440 | D:5      | Noticed Eustachio
  4478 | D:5      | Killed Eustachio
  4478 | D:5      | Reached XP level 8. HP: 56/64 MP: 7/7
  4883 | D:5      | Found a shattered altar of Ashenzari.
  5061 | D:5      | Killed Prince Ribbit
  5319 | D:5      | Reached **** piety under Trog
  5641 | D:6      | Reached skill level 5 in Fighting
  5757 | D:6      | Reached skill level 5 in Armour
  5853 | D:6      | Reached XP level 9. HP: 59/75 MP: 8/8
  6386 | D:6      | Found a sacrificial altar of Ru.
  6918 | D:7      | Found a shimmering altar of Xom.
  6937 | D:7      | Noticed Pikel
  6991 | D:7      | Killed Pikel
  7124 | D:7      | Reached XP level 10. HP: 84/91 MP: 9/9
  7364 | D:7      | Reached ***** piety under Trog
  7435 | D:7      | Identified the +3 chain mail of Miracles {Int+4}
  7447 | D:7      | Reached skill level 10 in Fighting
  7586 | D:7      | Noticed Joseph
  7604 | D:7      | Killed Joseph
  7808 | D:7      | Reached skill level 10 in Armour
  7919 | D:7      | Found a blossoming altar of Fedhas.
  7939 | D:7      | Noticed an oklob plant
  7966 | D:7      | Killed an oklob plant
  8404 | D:8      | Noticed a two-headed ogre
  8412 | D:8      | Killed a two-headed ogre
  8617 | D:8      | Received a gift from Trog
  8656 | D:8      | Found a shimmering altar of Xom.
  8692 | D:8      | Noticed a two-headed ogre
  8702 | D:8      | Killed a two-headed ogre
  9027 | D:9      | Reached XP level 11. HP: 104/104 MP: 10/10
  9377 | D:4      | Bought the +3 warlock's mirror {reflect} for 480 gold
                  | pieces
  9377 | D:4      | Found the +3 warlock's mirror {reflect}
  9555 | D:9      | Found a large runed translucent door.
  9556 | D:9      | Found a large runed translucent door.
  9576 | D:9      | Found a large runed translucent door.
  9576 | D:9      | Found a large runed translucent door.
 10278 | D:10     | Entered Level 10 of the Dungeon
 11822 | D:11     | Found a staircase to the Orcish Mines.
 11866 | D:11     | Received a gift from Trog
 11953 | D:11     | Found a staircase to the Lair.
 11958 | Lair:1   | Entered Level 1 of the Lair of Beasts
 11965 | Lair:1   | Reached skill level 1 in Shields
 12167 | Lair:1   | Noticed a wolf spider
 12183 | Lair:1   | Killed a wolf spider
 12319 | Lair:1   | Reached skill level 1 in Evocations
 12463 | Lair:1   | Reached XP level 12. HP: 115/115 MP: 12/12
 12639 | Lair:1   | Noticed a six-headed hydra
 12653 | Lair:1   | Killed a six-headed hydra
 12862 | Lair:1   | Noticed a six-headed hydra
 12873 | Lair:1   | Killed a six-headed hydra
 13605 | Lair:2   | Found a runed translucent gate.
 13605 | Lair:2   | Found a runed translucent gate.
 13605 | Lair:2   | Found a runed translucent gate.
 13606 | Lair:2   | Noticed wayreth's ghost (journeyman HuMo)
 13607 | Lair:2   | Noticed Jalix's ghost (journeyman MiGl)
 13607 | Lair:2   | Noticed Cato's ghost (journeyman DECj)
 13920 | Lair:1   | Received a gift from Trog
 14040 | Lair:2   | Found a staircase to the Shoals.
 15234 | Lair:3   | Noticed a six-headed hydra
 15244 | Lair:3   | Killed a six-headed hydra
 15729 | Lair:4   | Reached XP level 13. HP: 125/125 MP: 14/14
 15779 | Lair:4   | Reached skill level 15 in Fighting
 16015 | Lair:4   | Found a staircase to the Snake Pit.
 16028 | Lair:4   | Reached skill level 15 in Armour
 16185 | Lair:4   | Got a masterwork plate armour
 16197 | Lair:4   | Identified the +4 plate armour "Meffuw" {Str+5} (You found
                  | it on level 4 of the Lair of Beasts)
 16284 | Lair:4   | Found a frozen archway.
 16303 | IceCv    | Entered an ice cave
 16304 | IceCv    | Found a transporter.
 16395 | IceCv    | Found a transporter.
 17110 | Lair:4   | Received a gift from Trog
 17924 | Lair:5   | Noticed Sonja
 17940 | Lair:5   | Killed Sonja
 17948 | Lair:5   | Found a viscous altar of Jiyva.
 17948 | Lair:5   | Found a staircase to the Slime Pits.
 17981 | Lair:5   | Noticed Kirke
 18010 | Lair:5   | Killed Kirke
 18010 | Lair:5   | Reached ****** piety under Trog
 18542 | Lair:6   | Entered Level 6 of the Lair of Beasts
 18554 | Lair:5   | Reached XP level 14. HP: 126/138 MP: 15/15
 20253 | Lair:2   | Killed wayreth's ghost
 20263 | Lair:2   | Killed Cato's ghost
 20273 | Lair:2   | Killed Jalix's ghost
 20611 | D:11     | Received a gift from Trog
 20615 | D:11     | Found a runed translucent door.
 20615 | D:11     | Noticed Garrluk's ghost (journeyman SpEE)
 20635 | D:11     | Killed Garrluk's ghost
 21095 | Orc:1    | Entered Level 1 of the Orcish Mines
 21162 | Orc:1    | Found a roughly hewn altar of Beogh.
 21432 | Orc:2    | Entered Level 2 of the Orcish Mines
 21790 | Orc:2    | Found a staircase to the Elven Halls.
 21924 | Orc:2    | Paralysed by an orc sorcerer for 5 turns
 22108 | Orc:2    | Noticed a stone giant
 22122 | Orc:2    | Killed a stone giant
 22391 | Orc:2    | Received a gift from Trog
 22633 | Orc:2    | Reached XP level 15. HP: 151/151 MP: 16/16
 22864 | Orc:2    | Found Zegurr's Book Emporium.
 22864 | Orc:2    | Found Dazuex's Armour Shoppe.
 22865 | Orc:2    | Found Telysm's Book Shoppe.
 22868 | Orc:2    | Found Ehisiwog's Assorted Antiques.
 22872 | Orc:2    | Bought a +0 pair of boots of flying for 207 gold pieces
 22884 | Orc:2    | Bought a scroll labeled XUIPHA QERUIGU for 25 gold pieces
 22884 | Orc:2    | Bought an inky potion for 22 gold pieces
 22884 | Orc:2    | Bought an inky potion for 22 gold pieces
 22892 | Orc:2    | Gained mutation: Your spells are a little harder to cast,
                  | but a little more powerful. [potion of mutation]
 22892 | Orc:2    | Gained mutation: You expend magic power (3 MP) to
                  | strengthen your wands. [potion of mutation]
 23164 | D:12     | Found a portal to a secret trove of treasure.
 24378 | D:13     | Found a gate leading to a gauntlet.
 24394 | Gauntlet | Entered a Gauntlet
 24394 | Gauntlet | Found a transporter.
 24408 | Gauntlet | Found a transporter.
 24411 | Gauntlet | Found a transporter.
 24412 | Gauntlet | Found a transporter.
 24420 | Gauntlet | Found a transporter.
 24423 | Gauntlet | Found a transporter.
 24424 | Gauntlet | Found a transporter.
 24428 | Gauntlet | Found a runed translucent door.
 24432 | Gauntlet | Found a transporter.
 24435 | Gauntlet | Found a transporter.
 24436 | Gauntlet | Found a transporter.
 24444 | Gauntlet | Found a transporter.
 24444 | Gauntlet | Found a runed translucent door.
 24447 | Gauntlet | Found a transporter.
 24448 | Gauntlet | Found a transporter.
 24459 | Gauntlet | Found a transporter.
 24676 | Gauntlet | Got a bound silver ring
 24678 | Gauntlet | Identified the ring of Lesedame {*Tele rElec rF++ MP+9
                  | Dex-3} (You found it in a Gauntlet)
 24716 | Gauntlet | Received a gift from Trog
 24793 | Gauntlet | Got a vibrating granite ring
 24795 | Gauntlet | Identified the ring of Ikeoki {AC+4 Dex+2} (You found it in
                  | a Gauntlet)
 24983 | D:13     | Noticed Erolcha
 24994 | D:13     | Killed Erolcha
 25752 | D:14     | Found a gate to the Vaults.
 25970 | D:14     | Received a gift from Trog
 26109 | D:15     | Entered Level 15 of the Dungeon
 26109 | D:15     | Noticed Josephine
 26123 | D:15     | Killed Josephine
 26592 | D:15     | Found a staircase to the Depths.
 26717 | D:15     | Noticed Nessos
 26725 | D:15     | Killed Nessos
 26736 | D:15     | Noticed Roxanne
 26886 | D:15     | Noticed Jorgrun
 27171 | D:15     | Noticed Azrael
 27197 | D:15     | Killed Azrael
 27197 | D:15     | Reached XP level 16. HP: 94/165 MP: 17/17
 27514 | D:15     | Got a pitted halberd
 27882 | D:11     | Identified the cursed +2 halberd of Dishonour {flame, rPois
                  | Dex+3} (You found it on level 15 of the Dungeon)
 27971 | Shoals:1 | Entered Level 1 of the Shoals
 27985 | Lair:2   | HP: 4/165 [drowned by a water elemental (11)]
 28193 | Shoals:1 | Reached skill level 5 in Shields
 28565 | Shoals:1 | Reached skill level 5 in Evocations
 29063 | Shoals:1 | You are sucked into a shaft and drop 1 floor!
 29064 | Shoals:2 | Noticed Ilsuiw
 29104 | Shoals:2 | Killed Ilsuiw
 29356 | Shoals:2 | Noticed Louise
 29377 | Shoals:2 | Killed Louise
 29644 | Shoals:2 | Received a gift from Trog
 31159 | Shoals:3 | Found Kavabudd's Jewellery Shoppe.
 31167 | Shoals:3 | Bought an uncursed ring of positive energy for 420 gold
                  | pieces
 31167 | Shoals:3 | Bought an uncursed ring of protection from fire for 525
                  | gold pieces
 31498 | Shoals:3 | Received a gift from Trog
 31779 | Shoals:3 | Noticed a kraken
 31806 | Shoals:3 | Killed a kraken
 31806 | Shoals:3 | Reached XP level 17. HP: 85/173 MP: 21/21
 32526 | Snake:1  | Entered Level 1 of the Snake Pit
 33659 | Snake:2  | Found a runed translucent door.
 33660 | Snake:2  | Noticed Elinuc's ghost (adept DEWz)
 33860 | Snake:2  | Received a gift from Trog
 33993 | Snake:2  | Killed Elinuc's ghost
 35692 | Snake:3  | Found Riqaron's Gadget Emporium.
 35692 | Snake:3  | Found Isare's Jewellery Boutique.
 35693 | Snake:3  | Found Hashroe's Jewellery Boutique.
 36279 | Shoals:4 | Entered Level 4 of the Shoals
 36403 | Shoals:4 | Received a gift from Trog
 36406 | Shoals:4 | Killed from afar by a frost giant

Illustrated notes

Levels and vault maps discovered:
D:1:      minmay_arrival_radiant_lines, layout_basic, dk_noncrumbling_3,
          minmay_misc_feat_cross
D:2:      layout_basic, minitemple, fiery_altar_vehumet,
          lemuel_coloured_pillars_altar, minmay_rat_gold_closets, uniq_natasha,
          uniq_terence
D:3:      layout_loops_corners, first_ration
D:4:      layout_rooms, temple_fountains, serial_shops, nicolae_shop_crystal,
          grunt_qazlal_sundering
D:5:      old_forge, layout_basic, nicolae_overflow_hidden_temple,
          enter_ossuary_5, uniq_eustachio, uniq_prince_ribbit1
D:6:      layout_cave_pods, nicolae_ru_path_of_blood
D:7:      minmay_the_grid_octo_tiled_squarecenter
          [minmay_the_grid_octo_vomiting_pacman, minmay_the_grid_octo_chip,
          minmay_the_grid_octo_toaster, minmay_the_grid_octo_clover,
          minmay_the_grid_square_5x5_megaprize_crossed,
          minmay_the_grid_square_5x5_minibox,
          minmay_the_grid_square_5x5_almost_minimal,
          minmay_the_grid_square_5x5_comb,
          minmay_the_grid_square_5x5_checkered_sparse], layout_loops_cross,
          the_bakery, tgw_fedhas, uniq_pikel, uniq_joseph
D:8:      layout_cave_pools, serial_column_ruins, column_ruins_hut_ruined,
          column_ruins_columns_T, column_ruins_grid_1, column_ruins_corridor_T,
          basic_altar, minmay_unpleasant_kobolds
D:9:      layout_loops_ring, chequers_serial_rivers_micro_d,
          minmay_hollow_rounded_squares
D:10:     layout_grid_maze
D:11:     layout_basic, lair_entry_dummy, zombieorc1_lemuel,
          serial_corexii_hall, chequers_hall_statues_y, chequers_hall_statues_y,
          gammafunk_ghost_grave, minmay_fire_ice_demons
D:12:     layout_gridville, nicolae_trove_entry_diagonal, minmay_librarian
D:13:     layout_cave_pools, gauntlet_entry_generic, kennysheep_kite_vault,
          uniq_erolcha
D:14:     layout_rooms, skrybe_vaults_entry_preservation,
          minmay_misc_feat_nine_boxes
D:15:     gammafunk_depths_entry_grave, layout_irregular_city,
          hangedman_decor_diamond_cutter, uniq_azrael, uniq_roxanne,
          uniq_jorgrun, uniq_josephine, uniq_nessos
Lair:1:   minmay_lair_venomous_thicket, layout_regular_city, grunt_megastairs_4,
          minmay_lair_oklob_chamber, serial_bayou_shore_a, serial_bayou_shore_b
Lair:2:   beast_lair_carwin_large_4, layout_cave_pods,
          minmay_shoals_entry_beasts, gammafunk_ghost_cemetery, minivault_26,
          infiniplex_staircase_pool, serial_bayou_shore_b
Lair:3:   layout_cave_pods, grunt_megastairs_2
Lair:4:   wad_woods_minihive, layout_small_grid,
          minmay_snake_entry_guardpost_small, portal_ice_cave_rime,
          serial_bayou_shore_b
Lair:5:   layout_gridlike, slime_altar_1, wad_woods_road_05,
          lemuel_fruit_fields, grunt_megastairs_3, uniq_kirke, uniq_sonja
Lair:6:   grunt_lair_end_beastmaster, layout_loops_ring,
          nicolae_quartered_pool_medium
Shoals:1: layout_shoals, overgrown_hall
Shoals:2: cheibrodos_shoals_baths, layout_shoals, uniq_louise, uniq_ilsuiw
Shoals:3: layout_shoals, serial_shops, shop_fountains, nicolae_shoals_so_close
Shoals:4: shoals_end_grunt_ice, layout_shoals, shoals_ilsuiw_ice,
          abandoned_shop, uniq_polyphemus
Snake:1:  layout_gridlike
Snake:2:  layout_misc_corridors, gammafunk_ghost_grave, serial_bayou_shore_b
Snake:3:  layout_chambers, minmay_shop_grove
Orc:1:    layout_caves, mines1_david
Orc:2:    st_orc_mages, layout_diamond_mine, nicolae_orc_tapped_out

Skill      XL: |  1  2  3  4  5  6  7  8  9 10 11 12 13 14 15 16 17 |
---------------+----------------------------------------------------+-----
Polearms       | 4 5 6 7 8 9 11 12 13 14 | 14.0
Fighting       | 6 9 11 13 14 16 18 20 21 22 | 22.5
Armour         | 5 8 11 12 14 16 18 20 22 | 22.4
Shields        | 4 9 |  9.3
Evocations     | 1 3 7 |  7.3
Dodging        | |  2.1

Action                   |  1- 3 |  4- 6 |  7- 9 | 10-12 | 13-15 | 16-18 || total
-------------------------+-------+-------+-------+-------+-------+-------++-------
Melee: Spear             |    77 |   181 |   494 |       |       |       ||   752
       Headbutt          |     7 |    24 |   101 |   191 |   407 |   187 ||   917
       Trident           |       |       |   164 |   911 |  1733 |   102 ||  2910
       Demon trident     |       |       |       |       |       |  1394 ||  1394
Invok: Berserk           |       |     1 |     1 |     3 |    11 |     4 ||    20
       Trog's Hand       |       |       |     1 |       |     1 |     1 ||     3
       Brothers in Arms  |       |       |       |       |       |     1 ||     1
 Abil: Stop Flying       |       |       |       |       |       |     1 ||     1
       Evoke Flight      |       |       |       |       |       |     1 ||     1
Evoke: Wand              |       |       |     1 |       |     5 |     4 ||    10
  Use: Scroll            |     2 |     4 |     8 |    12 |     8 |     7 ||    41
       Potion            |     1 |     2 |     3 |     3 |     4 |     4 ||    17
 Stab: Sleeping          |     2 |       |       |       |       |       ||     2
       Petrified         |       |       |       |       |    19 |       ||    19
       Petrifying        |       |       |       |       |     3 |       ||     3
       Distracted        |       |       |       |       |       |     1 ||     1
  Eat: Chunk             |     2 |     8 |     9 |    27 |    37 |    17 ||   100
       Ration            |       |       |     1 |     1 |     4 |     5 ||    11
Armor: Animal skin       |     2 |       |       |       |       |       ||     2
       Ring mail         |     4 |       |       |       |       |       ||     4
       Plate armour      |       |    51 |   197 |   361 |   725 |   358 ||  1692
       Storm dragon scal |       |       |       |       |       |   167 ||   167
Dodge: Dodged            |    19 |    34 |   104 |   218 |   539 |   331 ||  1245
Block: Buckler           |       |       |       |   196 |   459 |   606 ||  1261
       Reflection        |       |       |       |     4 |    28 |    98 ||   130
